 Dungeon Crawl Stone Soup version 0.22-a0-192-g6ffc940 (webtiles) character file.

7483 vishdafish the Carver (level 10, -2/117 (118) HPs)
             Began as a Demonspawn Fighter on Feb 16, 2018.
             Was a Believer of Yredelemnul.
             Slain by a sixfirhy (10 damage)
             ... summoned by a kobold demonologist
             ... on level 9 of the Dungeon.
             The game lasted 00:22:01 (9492 turns).

vishdafish the Carver (Demonspawn Fighter)          Turns: 9492, Time: 00:22:03

HP:   -2/117 (118)  AC: 25    Str: 21    XL:     10   Next: 94%
MP:   13/13         EV:  2    Int: 13    God:    Yredelemnul [**....]
Gold: 768           SH:  4    Dex: 13    Spells: 9/9 levels left

rFire    . . .     SeeInvis .   A - +2 short sword (elec)
rCold    . . .     Gourm    .   S - +0 buckler
rNeg     + + +     Faith    .   (armour currently unavailable)
rPois    +         Spirit   .   (helmet currently unavailable)
rElec    .         Reflect  .   (cloak currently unavailable)
rCorr    .         Harm     .   (gloves currently unavailable)
MR       +....     NoTele   +   (boots currently unavailable)
Stlth    +.........             B - amulet of rage
HPRegen  0.29/turn              k - ring of poison resistance
MPRegen  0.13/turn              x - ring of protection from magic

@: mighty, tree-form
A: powered by death 1, powered by pain 1
a: Animate Remains, Recall Undead Slaves, Injury Mirror, Renounce Religion,
Evoke Berserk Rage


You were on level 9 of the Dungeon.
You worshipped Yredelemnul.
Yredelemnul was pleased with you.
You were hungry.
You were a tree.
You visited 2 branches of the dungeon, and saw 10 of its levels.
You also visited: Sewer and Ossuary.

You collected 768 gold pieces.

Inventory:

Hand Weapons
 a - a +0 long sword
 h - a +1 hand axe of flaming
 i - a +2 short sword of protection
 n - a +0 antimagic war axe
 A - a +2 short sword of electrocution (weapon)
Armour
 d - a +2 cloak (melded)
 v - a +2 scale mail of fire resistance (melded)
 K - the +1 robe "Iluefail" {MR+ Regen+}
   (You found it on level 6 of the Dungeon)

   It affects your resistance to hostile enchantments.
   It increases your rate of regeneration.
 S - a +0 buckler (worn)
Jewellery
 k - a ring of poison resistance (left branch)
 x - a ring of protection from magic (right branch)
 B - an amulet of rage (around neck)
 U - an uncursed ring of fire
Wands
 e - a wand of enslavement (1)
 O - a wand of flame (33)
 P - a wand of paralysis (16)
Scrolls
 b - a scroll of fog {unknown}
 c - a scroll of magic mapping
 j - 4 scrolls of noise
 l - 2 scrolls of amnesia
 o - 2 scrolls of immolation {unknown}
 p - a scroll of enchant weapon {unknown}
 q - 4 scrolls of remove curse
 s - 3 scrolls of enchant armour {unknown}
 w - 2 scrolls of fear {unknown}
 C - 5 scrolls of teleportation {unknown}
 L - 3 scrolls of identify
 N - a scroll of blinking {unknown}
 Q - a scroll of vulnerability {unknown}
 R - a scroll of silence {unknown}
Potions
 g - 4 potions of brilliance {unknown}
 r - 2 potions of invisibility {unknown}
 u - 4 potions of degeneration {unknown}
 z - a potion of berserk rage {unknown}
 D - 3 potions of mutation {unknown}
 E - 2 potions of cancellation {unknown}
 F - 2 potions of agility
 G - a potion of flight {unknown}
 H - 3 potions of haste {unknown}
 I - a potion of magic {unknown}
 J - 3 potions of heal wounds {unknown}
 M - 3 potions of curing
Books
 t - a book of Changes

   Spells                             Type                      Level
   a - Beastly Appendage              Transmutation                1
   b - Sticks to Snakes               Transmutation                2
   c - Spider Form                    Transmutation/Poison         3
   d - Ice Form                       Ice/Transmutation            4
   e - Blade Hands                    Transmutation                5
 y - a book of Minor Magic

   Spells                             Type                      Level
   a - Magic Dart                     Conjuration                  1
   b - Blink                          Translocation                2
   c - Call Imp                       Summoning                    2
   d - Slow                           Hexes                        2
   e - Conjure Flame                  Conjuration/Fire             3
   f - Mephitic Cloud                 Conjuration/Poison/Air       3
Comestibles
 f - 16 rations


   Skills:
 - Level 7.6 Fighting
 - Level 9.3 Long Blades
 - Level 8.2 Armour
 * Level 6.7 Dodging
 - Level 2.9 Shields
 * Level 4.5 Invocations


You had 9 spell levels left.
You didn't know any spells.

Dungeon Overview and Level Annotations

Branches:
Dungeon (9/15)             Temple (1/1) D:5            Lair (0/6) D:8
    Orc: D:9-12

Altars:
Ashenzari
Cheibriados
Dithmenos
Elyvilon
Fedhas
Gozag
Hepliaklqana
Kikubaaqudgha
Nemelex Xobeh
Okawaru
Qazlal
Ru
Sif Muna
Trog
Uskayaw
Vehumet
Wu Jian
Xom
Yredelemnul
Zin
The Shining One


Innate Abilities, Weirdness & Mutations

((You have a pair of small horns on your head.))
((You are partially covered in large bone plates. (SH +4)))
You regenerate a little health from kills.
You sometimes gain a little power by taking damage.


Message History

Unknown command.
You miss the kobold demonologist.
The kobold demonologist is heavily wounded.
The ice devil disappears in a puff of smoke!
The kobold demonologist completely misses you.
Unknown command.
You puncture the kobold demonologist!
The kobold demonologist is severely wounded.
The sixfirhy hits you.
* * * LOW HITPOINT WARNING * * *
The sixfirhy shocks you!
* * * LOW HITPOINT WARNING * * *
You focus on the pain.
You feel mightier all of a sudden.
The kobold demonologist hits you but does no damage.
The sixfirhy hits you.
* * * LOW HITPOINT WARNING * * *
The sixfirhy shocks you!
You die...
Your body rises from the dead as a mindless zombie.

### ....#
......####
.........####
.......##...###
#. .....W.
###<.3####
###..# .......
####♣KK###...#
.......
###KK55.#
....... ###o###
......# #..#
...... #(##
##(# #(.# #(##
##§#


You could see 2 kobold demonologists, a sixfirhy, a big kobold, an orc wizard, a
quasit, a white imp and a kobold.

Vanquished Creatures
  The ghost of vishdafish the Torchbearer, a novice DsHu of Yredelemnul (D:9)
  The ghost of wazuzu the Insei, a novice DsGl of Dithmenos (D:5)
  A gargoyle (D:6)
  Grinder (D:4)
  A troll (D:6)
  A spriggan (D:8)
  Eustachio (D:6)
  A wyvern (D:8)
  A basilisk (D:6)
  Edmund (D:5)
  Menkaure (D:6)
  2 hell hounds (D:8)
  Purgy (Sewer)
  A black bear (D:7)
  3 sky beasts
  A slave (D:6)
  3 orc warriors
  5 ice beasts
  4 phantoms
  8 ogres
  A centaur (D:9)
  3 bullfrogs
  Blork the orc (D:4)
  3 scorpions
  4 howler monkeys
  6 crimson imps
  7 hounds
  2 jellies
  An orc priest (D:8)
  Ijyb (D:4)
  4 iguanas
  6 orc wizards
  10 worker ants
  A killer bee zombie (D:6)
  A hound zombie (D:6)
  2 hound skeletons
  8 mummies (Ossuary)
  A howler monkey zombie (D:6)
  2 worker ant zombies
  4 gnolls (D:6)
  12 adders
  2 shadow imps
  An ooze (D:2)
  An adder skeleton (D:4)
  4 worms
  3 dart slugs
  3 leopard geckos
  22 orcs
  5 giant cockroaches
  3 gnoll zombies (Ossuary)
  8 hobgoblins
  8 jackals
  4 quokkas
  2 ball pythons
  13 bats
  7 frilled lizards
  7 goblins
  A hobgoblin zombie (Ossuary)
  A jackal skeleton (D:7)
  A jackal zombie (D:6)
  14 kobolds
  3 kobold zombies (Ossuary)
  An orc zombie (Ossuary)
  A quokka skeleton (D:6)
  7 rats
241 creatures vanquished.

Vanquished Creatures (collateral kills)
  Pikel (D:6)
  A kobold demonologist (D:9)
  A necrophage (D:8)
  A hound (D:9)
  A leopard gecko (D:9)
  An orc (D:9)
  A kobold (D:9)
7 creatures vanquished.

Vanquished Creatures (others)
  A big kobold (D:9)
  A centaur zombie (D:9)
  A worker ant (D:9)
  A ball python skeleton (D:6)
4 creatures vanquished.

Grand Total: 252 creatures vanquished

Notes
Turn   | Place    | Note
-------+----------+-------------------------------------------
     0 | D:1      | vishdafish the Demonspawn Fighter began the quest for the Orb.
     0 | D:1      | Reached XP level 1. HP: 18/18 MP: 1/1
   122 | D:1      | Reached skill level 2 in Long Blades
   239 | D:1      | Gained mutation: You have a pair of small horns on your head. [demonic ancestry]
   239 | D:1      | Reached XP level 2. HP: 24/24 MP: 2/2
   346 | D:1      | Gained mutation: You regenerate a little health from kills. [demonic ancestry]
   346 | D:1      | Reached XP level 3. HP: 29/29 MP: 3/3
   932 | D:2      | Found an iron altar of Okawaru.
   948 | D:2      | Reached XP level 4. HP: 11/35 MP: 4/4
   951 | D:2      | Reached skill level 3 in Long Blades
  1576 | D:2      | Found an ancient bone altar of Kikubaaqudgha.
  1807 | D:3      | Noticed an ice beast
  2045 | D:3      | Found a shimmering altar of Xom.
  2114 | D:3      | Killed an ice beast
  2114 | D:3      | Reached XP level 5. HP: 5/42 MP: 5/5
  2390 | D:3      | Reached skill level 4 in Long Blades
  2868 | D:3      | Reached XP level 6. HP: 48/48 MP: 6/6
  3004 | D:3      | Found a shattered altar of Ashenzari.
  3005 | D:3      | Found a hazy altar of Hepliaklqana.
  3172 | D:4      | Noticed Blork the orc
  3186 | D:4      | Killed Blork the orc
  3251 | D:4      | Found a glowing drain.
  3275 | Sewer    | Entered a sewer
  3372 | Sewer    | Noticed Purgy
  3388 | Sewer    | Killed Purgy
  3433 | D:4      | Reached skill level 5 in Long Blades
  3442 | D:4      | Reached XP level 7. HP: 35/55 MP: 7/7
  3495 | D:4      | Found a sparkling altar of Nemelex Xobeh.
  3504 | D:4      | Noticed Grinder
  3523 | D:4      | Killed Grinder
  3523 | D:4      | Reached skill level 5 in Fighting
  3581 | D:4      | Found a sand-covered staircase.
  3587 | Ossuary  | Entered an ossuary
  3706 | Ossuary  | Reached skill level 6 in Long Blades
  4005 | D:4      | Noticed Ijyb
  4016 | D:4      | Killed Ijyb
  4073 | D:4      | Gained mutation: You are partially covered in large bone plates. (SH +4) [demonic ancestry]
  4073 | D:4      | Reached XP level 8. HP: 63/63 MP: 8/8
  4119 | D:4      | Reached skill level 5 in Armour
  4126 | D:4      | Found a glowing silver altar of Zin.
  4628 | D:5      | Entered Level 5 of the Dungeon
  4632 | D:5      | Found a shimmering altar of Xom.
  4998 | D:5      | Found a staircase to the Ecumenical Temple.
  5225 | D:6      | Reached skill level 7 in Long Blades
  5361 | D:6      | Noticed Menkaure
  5367 | D:6      | Killed Menkaure
  5604 | D:6      | Noticed a troll
  5609 | D:6      | Killed a troll
  5609 | D:6      | Reached XP level 9. HP: 71/71 MP: 9/9
  5635 | D:6      | Reached skill level 8 in Long Blades
  5700 | D:6      | Noticed a gargoyle
  5717 | D:6      | Killed a gargoyle
  5856 | D:6      | Noticed Eustachio
  6029 | D:6      | Killed Eustachio
  6133 | D:6      | Noticed Pikel
  6147 | D:6      | Killed Pikel
  6147 | D:6      | Reached skill level 9 in Long Blades
  6225 | Temple   | Entered the Ecumenical Temple
  6233 | Temple   | Became a worshipper of Yredelemnul the Dark
  6556 | D:6      | Got a twisted robe
  6567 | D:6      | Identified the +1 robe "Iluefail" {MR+ Regen+} (You found it on level 6 of the Dungeon)
  6705 | D:5      | Noticed Edmund
  6717 | D:5      | Killed Edmund
  6717 | D:5      | Reached skill level 1 in Dodging
  6766 | D:5      | Found a radiant altar of Vehumet.
  6786 | D:5      | Noticed wazuzu's ghost (novice DsGl)
  6800 | D:5      | Killed wazuzu's ghost
  6800 | D:5      | Gained mutation: You sometimes gain a little power by taking damage. [demonic ancestry]
  6800 | D:5      | Reached XP level 10. HP: 70/79 MP: 10/10
  7596 | D:7      | Reached * piety under Yredelemnul
  8182 | D:7      | Reached skill level 5 in Dodging
  8306 | D:7      | Found a stormy altar of Qazlal.
  8449 | D:8      | Found a staircase to the Lair.
  9027 | D:8      | Reached skill level 1 in Invocations
  9130 | D:8      | Found an opulent altar of Gozag.
  9316 | D:9      | Noticed vishdafish's ghost (novice DsHu)
  9341 | D:9      | Killed vishdafish's ghost
  9425 | D:9      | Reached ** piety under Yredelemnul
  9446 | D:9      | Noticed a rust devil
  9448 | D:9      | Noticed a sixfirhy
  9481 | D:9      | Noticed a sixfirhy
  9492 | D:9      | Slain by a sixfirhy

Vault maps used:
D:1:      elethiomel_arrival_maze, st_stairs_12
D:2:      okawaru_gym_becter, lemuel_doored_altar
D:3:      gammafunk_temple_overflow_statue, xom_teletrap_fun
D:4:      marbit_many_paths, nicolae_overflow_crystal_walls,
          cheibrodos_sewer_entry_drain, nicolae_ossuary_entry_plus,
          uniq_grinder, uniq_blork_the_orc, uniq_ijyb
D:5:      nicolae_overflow_hidden_temple, minmay_temple_entry_from_below_a,
          first_ration, vehumet_altar_wand_db, uniq_edmund
D:6:      minmay_opposing_rooms, minmay_divided_ellipse, uniq_pikel,
          uniq_eustachio, uniq_menkaure
D:7:      kennysheep_little_box
D:8:      lemuel_round_altar, minmay_lair_entry_lava, the_bakery
D:9:      makhleb_blood_cavern_becter, jiyva_altar_1
Temple:   nicolae_temple_no_exploring_needed
Sewer:    kennysheep_door_sewer
Ossuary:  ossuary_tomb_3

Skill      XL: |  1  2  3  4  5  6  7  8  9 10 |
---------------+-------------------------------+-----
Long Blades    | 2 3 4 5 6 7 9 |  9.3
Armour         | 3 4 6 7 8 |  8.2
Fighting       | 4 5 6 7 |  7.6
Dodging        | 2 6 |  6.7
Invocations    | 4 |  4.5
Shields        | |  2.9

Action                   |  1- 3 |  4- 6 |  7- 9 | 10-12 || total
-------------------------+-------+-------+-------+-------++-------
Melee: Long sword        |   140 |   157 |       |       ||   297
       Headbutt          |    19 |    28 |    97 |    60 ||   204
       Hand axe          |       |    13 |       |       ||    13
       Short sword       |       |    26 |   372 |   350 ||   748
Throw: Throwing net      |       |       |     2 |       ||     2
Invok: Animate Remains   |       |       |       |     2 ||     2
Evoke: Wand              |       |       |    11 |     3 ||    14
  Use: Potion            |     1 |     3 |     8 |     2 ||    14
       Scroll            |       |       |     6 |     1 ||     7
 Stab: Held in net/web   |       |       |     5 |       ||     5
  Eat: Chunk             |       |     9 |    10 |    10 ||    29
Armor: Scale mail        |    75 |    97 |   109 |    80 ||   361
       Skin              |       |    10 |       |    13 ||    23
Dodge: Dodged            |    51 |    49 |    79 |    97 ||   276
Block: Shield            |    86 |    89 |   174 |    23 ||   372
       Buckler           |       |       |       |    74 ||    74
       Rpst.: Long sword |    23 |    10 |       |       ||    33

Table legend:
 A = Spawn XP
 B = Non-spawn XP
 C = Spawn XP percentage of total XP
 D = Spawn monster count
 E = Non-spawn monster count
 F = Spawn count percentage of total count
 G = Total turns spent on level
                    A         B        C        D         E        F      G
               +---------+---------+-------+---------+---------+-------+---------
         Total |       0 |   10691 |   0.0 |       0 |     247 |   0.0 |  9492
               +---------+---------+-------+---------+---------+-------+---------
           D:1 |       0 |      54 |   0.0 |       0 |      31 |   0.0 |   857
           D:2 |       0 |     110 |   0.0 |       0 |      25 |   0.0 |  1016
           D:3 |       0 |     252 |   0.0 |       0 |      24 |   0.0 |  1296
           D:4 |       0 |    1008 |   0.0 |       0 |      31 |   0.0 |   922
           D:5 |       0 |    1245 |   0.0 |       0 |      23 |   0.0 |  1356
           D:6 |       0 |    2936 |   0.0 |       0 |      37 |   0.0 |  1384
           D:7 |       0 |    1928 |   0.0 |       0 |      26 |   0.0 |   996
           D:8 |       0 |    1652 |   0.0 |       0 |      18 |   0.0 |   933
           D:9 |       0 |    1213 |   0.0 |       0 |      10 |   0.0 |   178
         Sewer |       0 |     140 |   0.0 |       0 |       6 |   0.0 |   136
       Ossuary |       0 |     153 |   0.0 |       0 |      16 |   0.0 |   401
               +---------+---------+-------+---------+---------+-------+---------
